 Dungeon Crawl Stone Soup version 0.26-a0-649-gf8c6c3aab7 (webtiles) character file.

Game seed: 15569694776495794906

150 mukkel the Skirmisher (level 5, -6/34 HPs)
             Began as a Gargoyle Fighter on Sept 27, 2020.
             Killed by divine providence
             ... invoked by an orc priest
              (12 damage)
             ... on level 3 of the Dungeon.
             The game lasted 00:03:24 (1925 turns).

mukkel the Skirmisher (Gargoyle Fighter)            Turns: 1925, Time: 00:03:24

Health: -6/34      AC:  5    Str: 21    XL:     5   Next: 32%
Magic:  5/5        EV:  8    Int:  8    God:
Gold:   88         SH:  9    Dex:  9    Spells: 4/4 levels left

rFire    . . .     SeeInvis .   a - +1 war axe
rCold    . . .     Faith    .   c - +0 kite shield
rNeg     + . .     Spirit   .   (no armour)
rPois    ∞         Reflect  .   (no helmet)
rElec    +         Harm     .   i - +0 cloak
rCorr    .         Rampage  .   (no gloves)
MR       .....                  (no boots)
Stlth    +.........             (no amulet)
HPRegen  0.11/turn              (no ring)
MPRegen  0.09/turn              (no ring)

@: no status effects
A: negative energy resistance 1, electricity resistance, unbreathing,
petrification resistance, rot immunity, AC +4
a: no special abilities


You were on level 3 of the Dungeon.
You visited 1 branch of the dungeon, and saw 3 of its levels.

You collected 88 gold pieces.

Inventory:

Hand Weapons
 a - a +1 war axe (weapon)
Armour
 b - a +0 scale mail
 c - a +0 kite shield (worn)
 i - a +0 cloak (worn)
 k - a +0 chain mail
Scrolls
 e - a scroll of enchant weapon
 f - a scroll of enchant armour {unknown}
 g - 3 scrolls of remove curse
 h - 3 scrolls of identify
Potions
 d - a potion of might


   Skills:
 * Level 4.9 Fighting
 + Level 3.7 Axes
 - Level 3.2 Armour
 - Level 3.2 Shields


You had 4 spell levels left.
You didn't know any spells.
Your spell library was empty.

Dungeon Overview and Level Annotations

Branches:
Dungeon (3/15)

Altars:
Sif Muna


Innate Abilities, Weirdness & Mutations

You are resistant to torment.
Your stone body is resilient. (AC +4)
You are immune to poison.
You resist negative energy. (rN+)
You are resistant to electric shocks. (rElec)
You can survive without breathing.
You are immune to petrification.
You are immune to rotting.


Message History

You block the orc priest's attack.
You closely miss the orc priest.
The orc priest is heavily wounded.
The orc priest hits you.
* * * LOW HITPOINT WARNING * * *
The orc priest hits you.
* * * LOW HITPOINT WARNING * * *
You hit the orc priest.
The orc priest is severely wounded.
The orc priest hits you but does no damage.
You hit the orc priest but do no damage.
The orc priest is severely wounded.
The orc priest begins to cast a cantrip, but forgets the words!
The orc priest hits you.
* * * LOW HITPOINT WARNING * * *
You barely miss the orc priest.
The orc priest is severely wounded.
The orc priest invokes the aid of Beogh against you.
Beogh smites you!
You die...

#########....#...
.... #........
..... #.....#..
..... ###.....#
......#.......#
......#.#.....#
.................
......#.#........
......#@#########
..... #o# .....
#.. .... #...
#### ...## ...#
...# ....#


You could see an orc priest.

Vanquished Creatures
  Crazy Yiuf (D:2)
  An orc wizard (D:3)
  3 adders (D:2)
  An ooze (D:1)
  A dart slug (D:2)
  A worm (D:2)
  4 leopard geckos
  2 orcs (D:3)
  2 giant cockroaches
  8 hobgoblins
  3 jackals (D:1)
  A quokka (D:2)
  A ball python (D:1)
  8 bats
  6 goblins
  5 kobolds
  4 rats (D:1)
52 creatures vanquished.

Vanquished Creatures (others)
  2 fungi (D:2)
2 creatures vanquished.

Grand Total: 54 creatures vanquished

Notes
Turn   | Place    | Note
-------+----------+-------------------------------------------
     0 | D:1      | mukkel the Gargoyle Fighter began the quest for the Orb.
     0 | D:1      | Reached XP level 1. HP: 14/14 MP: 1/1
    81 | D:1      | Reached XP level 2. HP: 20/20 MP: 2/2
   238 | D:1      | Reached skill level 4 in Fighting
   308 | D:1      | Reached XP level 3. HP: 24/24 MP: 3/3
   907 | D:2      | Reached XP level 4. HP: 26/30 MP: 4/4
  1594 | D:2      | Found a shimmering blue altar of Sif Muna.
  1696 | D:2      | Found a runed translucent door.
  1697 | D:2      | Noticed Crazy Yiuf
  1707 | D:2      | Killed Crazy Yiuf
  1707 | D:2      | Reached XP level 5. HP: 15/34 MP: 5/5
  1925 | D:3      | Killed from afar by an orc priest

Illustrated notes

Levels and vault maps discovered:
D:1:      minmay_arrival_plants_in_alcoves, layout_rooms
D:2:      layout_basic, lemuel_round_altar, serial_curves, eino_curves_02,
          eino_curves_04, eino_curves_03, eino_curves_01,
          uniq_crazy_yiuf_cottage
D:3:      layout_basic, overflow_temple_1_default

Skill      XL: |  1  2  3  4 |
---------------+-------------+-----
Axes           | 2 3 |  3.7
Fighting       | 4 |  4.9
Armour         | |  3.2
Shields        | |  3.2

Action                   |  1- 3 |  4- 6 || total
-------------------------+-------+-------++-------
Melee: War axe           |   101 |    71 ||   172
  Use: Scroll            |     3 |       ||     3
Armor: Scale mail        |    63 |       ||    63
       Skin              |     3 |    22 ||    25
Dodge: Dodged            |    46 |    19 ||    65
Block: Kite shield       |    64 |    36 ||   100

Table legend: (Time is in decaauts)
 A = Elapsed time spent in this place.
 B = Non-inter-level travel time spent in this place.
 C = Inter-level travel time spent in this place.
 D = Time resting spent in this place.
 E = Time spent auto-exploring this place.
 F = Levels seen in this place.
 G = Mean time per level.
                   A        B        C        D        E       F      G
               +--------+--------+--------+--------+--------+-----+--------+
         Total |   2001 |   1956 |     45 |      0 |   1504 |   3 |  667.0 |
       Dungeon |   2001 |   1956 |     45 |      0 |   1504 |   3 |  667.0 |
               +--------+--------+--------+--------+--------+-----+--------+

Top non-repeatable levels by time:
     D:2: 1363 daAuts
     D:1: 591 daAuts
     D:3: 46 daAuts
